AoeStats
← BEGINER_aoe2

Arena

510765872Analyzed
1v1 RM · 16h ago on Oct 2, 2026· 32m 28s· 2 players
Game mode
Random Map
Map size
Tiny (2 player)
Population
200
Speed
Normal
Resources
Standard
Victory
Conquest
Starting age
Dark Age
Ending age
Imperial Age
RankedLock teamsTeams togetherTeam positionsShared explorationLock speedFull tech treeHidden civsTurbo modeCheats
Victory
Defeat
🇨🇦 Burgundians · Canada
359
+14
🇮🇳 Spanish · India
322
-14
BEGINER_aoe2
9:10 Loom
11:15 Feudal Age
18:41 Castle Age
16:56 Horse Collar
19:31 Double-Bit Axe
22:04 Husbandry
22:30 Bloodlines
23:57 Fervor
26:41 Pikeman
28:53 Ballistics
31:28 Stone Mining
31:35 Gold Mining
32:01 Squires
32:23 Heavy Plow
NateWheeler
0:46 Loom
0:51 Loom
6:29 Double-Bit Axe
10:36 Feudal Age
10:25 Horse Collar
11:33 Bow Saw
18:26 Castle Age
19:38 Light Cavalry
20:18 Husbandry
26:27 Cavalier
32:07 Imperial Age
Connection lost

Rejoining the realm…

Still unreachable

The connection could not be restored.

Session expired

The server has moved on; the page needs a fresh start.